 Dungeon Crawl Stone Soup version 0.19.5 (webtiles) character file.

1869 Keye the Basher (level 9, -2/62 HPs)
             Began as a Human Gladiator on May 8, 2017.
             Killed by divine providence
             ... invoked by an orc priest
              (11 damage)
             ... on level 8 of the Dungeon.
             The game lasted 00:17:09 (7544 turns).

Keye the Basher (Human Gladiator)                   Turns: 7544, Time: 00:17:10

Health: -2/62      AC: 11    Str: 19    XL:     9   Next: 35%
Magic:  9/9        EV: 12    Int:  9    God:
Gold:   358        SH:  0    Dex: 13    Spells: 0 memorised, 8 levels left

rFire  + . .     SeeInvis .     a - +0 flail
rCold  . . .     Gourm    .     g - +0 ring mail
rNeg   . . .     Faith    .     (no shield)
rPois  +         Spirit   .     c - +0 helmet
rElec  .         Reflect  .     M - +2 cloak {rPois}
rCorr  .         Harm     .     i - +0 pair of gloves
MR     .....                    E - +0 pair of boots
Stlth  +.........               (no amulet)
                                N - ring of flight
                                t - ring of protection from fire

@: no status effects
A: no striking features
a: Evoke Flight


You were on level 8 of the Dungeon.
You were not hungry.

You visited 2 branches of the dungeon, and saw 9 of its levels.

You collected 358 gold pieces.

Inventory:

Hand Weapons
 a - a +0 flail (weapon)
Missiles
 d - 5 throwing nets (quivered)
Armour
 c - a +0 helmet (worn)
 g - a +0 ring mail (worn)
 i - a +0 pair of gloves (worn)
 E - a +0 pair of boots (worn)
 M - a +2 cloak of poison resistance (worn)
Jewellery
 n - an uncursed ring of poison resistance
 t - a ring of protection from fire (left hand)
 v - an uncursed ring of protection from fire
 y - a +2 ring of intelligence
 I - an uncursed ring of resist corrosion
 N - a ring of flight (right hand)
Wands
 b - a wand of paralysis (13/24)
 A - a wand of flame (23/48)
 G - a wand of polymorph (15/24)
 O - a wand of lightning (5/15)
 Q - a wand of paralysis (7/24)
Scrolls
 e - 3 scrolls of remove curse
 p - a scroll of magic mapping {unknown}
 q - 8 scrolls of identify
 r - 3 scrolls of teleportation
 u - 3 scrolls of fear
 J - a scroll of amnesia {unknown}
 L - a scroll of blinking {unknown}
 P - a scroll of enchant armour
Potions
 j - a potion of ambrosia
 l - a potion of heal wounds
 m - a potion of magic {unknown}
 x - a potion of lignification {unknown}
 z - 3 potions of brilliance {unknown}
 C - a potion of resistance {unknown}
 D - a potion of flight {unknown}
 F - 2 potions of invisibility {unknown}
 K - a potion of might {unknown}
Books
 B - a book of Cantrips

   Spells                             Type                      Level
   a - Confusing Touch                Hexes                        1
   b - Animate Skeleton               Necromancy                   1
   c - Summon Small Mammal            Summoning                    1
   d - Apportation                    Translocation                1
 R - a book of Flames

   Spells                             Type                      Level
   a - Flame Tongue                   Conjuration/Fire             1
   b - Throw Flame                    Conjuration/Fire             2
   c - Conjure Flame                  Conjuration/Fire             3
   d - Inner Flame                    Hexes/Fire                   3
   e - Sticky Flame                   Conjuration/Fire             4
   f - Fireball                       Conjuration/Fire             5
Comestibles
 f - 4 bread rations
 h - a royal jelly
 k - 2 beef jerkies
 o - a slice of pizza
 s - 3 meat rations
 w - 3 fruits
 H - 3 chunks of flesh


   Skills:
 + Level 2.9 Fighting
 * Level 11.5 Maces & Flails
 - Level 2.0 Throwing
 + Level 0.2 Armour
 + Level 3.2 Dodging


You had 8 spell levels left.
You didn't know any spells.

Dungeon Overview and Level Annotations

Branches:
Dungeon (8/15)             Temple (1/1) D:6
   Lair: D:8-11

Altars:
Ashenzari
Cheibriados
Elyvilon
Fedhas
Hepliaklqana
Makhleb
Nemelex Xobeh
Okawaru
Qazlal
Ru
Sif Muna
Trog
Uskayaw
Vehumet
Xom
Yredelemnul
Zin
The Shining One

Shops:
D:6 [

Annotations:
D:4 Sneal's ghost, novice GrFi


Message History

You are too injured to fight recklessly!
You are too injured to fight recklessly!
You are too injured to fight recklessly!
You are too injured to fight recklessly!
You are too injured to fight recklessly!
You are too injured to fight recklessly!
You are too injured to fight recklessly!
You are too injured to fight recklessly!
You are too injured to fight recklessly!
You are too injured to fight recklessly!
You are too injured to fight recklessly!
You are too injured to fight recklessly!
You are too injured to fight recklessly!
You are too injured to fight recklessly!
You are too injured to fight recklessly!
The orc priest calls upon Beogh to heal the orc warrior.
The orc warrior is healed somewhat.
The orc priest invokes the aid of Beogh against you.
Beogh smites you!
You die...

#.##. .... ...##### .......###
....##...# ##### ....####.#
#...# ....####.## #...#
...รท......###############...#
.<...##.........@oo..o......#
.>......#....############...#
....###..[......# #...####
....# ####......# #......#
##### ##.....# #...##..#
#.....# #.### .# #.....# ..# .
####### ..# .#.#


You could see an orc warrior, an orc priest and an orc.

Vanquished Creatures
  2 hippogriffs
  A phantom (D:6)
  A centaur (D:6)
  Blork the orc (D:4)
  A bullfrog (D:6)
  A scorpion (D:7)
  A howler monkey (D:5)
  3 crimson imps
  A quasit (D:7)
  A jelly (D:6)
  2 orc priests
  3 hounds
  A bullfrog skeleton (D:7)
  Jessica (D:3)
  Ijyb (D:2)
  4 iguanas
  2 orc wizards
  6 worker ants
  A killer bee zombie (D:5)
  2 hound zombies
  A hound skeleton (D:4)
  Robin (D:2)
  7 gnolls (D:5)
  8 adders
  3 shadow imps
  4 oozes
  6 worms
  2 dart slugs (D:1)
  8 leopard geckos
  17 orcs
  12 bats
  7 giant cockroaches
  22 goblins
  18 hobgoblins
  9 jackals
  5 quokkas
  4 ball pythons
  7 frilled lizards
  8 kobolds
  2 leopard gecko skeletons
  A quokka skeleton (D:7)
  9 rats
197 creatures vanquished.

Notes
Turn   | Place    | Note
-------+----------+-------------------------------------------
     0 | D:1      | Keye the Human Gladiator began the quest for the Orb.
     0 | D:1      | Reached XP level 1. HP: 16/16 MP: 1/1
    95 | D:1      | Reached XP level 2. HP: 20/22 MP: 2/2
   378 | D:1      | Reached skill level 4 in Maces & Flails
   378 | D:1      | Reached XP level 3. HP: 27/27 MP: 3/3
  1322 | D:2      | Reached XP level 4. HP: 33/33 MP: 4/4
  1540 | D:2      | Noticed Ijyb
  1551 | D:2      | Killed Ijyb
  1551 | D:2      | Reached skill level 5 in Maces & Flails
  1551 | D:2      | Reached XP level 5. HP: 37/39 MP: 5/5
  1661 | D:2      | Noticed Robin
  1848 | D:2      | Killed Robin
  2721 | D:3      | Reached skill level 6 in Maces & Flails
  2721 | D:3      | Reached XP level 6. HP: 45/46 MP: 6/6
  3335 | D:3      | Noticed Jessica
  3345 | D:3      | Killed Jessica
  3607 | D:3      | Found a sparkling altar of Nemelex Xobeh.
  3941 | D:4      | Noticed Blork the orc
  3955 | D:4      | Killed Blork the orc
  3955 | D:4      | Reached skill level 7 in Maces & Flails
  3955 | D:4      | Reached XP level 7. HP: 25/51 MP: 7/7
  4407 | D:4      | Noticed Sneal's ghost (novice GrFi)
  4688 | D:4      | Found a sparkling altar of Nemelex Xobeh.
  4822 | D:5      | Entered Level 5 of the Dungeon
  5144 | D:5      | Reached skill level 8 in Maces & Flails
  5193 | D:5      | Found a hide-covered altar of Uskayaw.
  5198 | D:5      | Noticed a dagger
  5198 | D:5      | Noticed a hand axe
  5689 | D:6      | Reached XP level 8. HP: 54/57 MP: 8/8
  5740 | D:6      | Found a staircase to the Ecumenical Temple.
  5748 | Temple   | Entered the Ecumenical Temple
  6087 | D:6      | Reached skill level 9 in Maces & Flails
  6119 | D:6      | Noticed a hippogriff
  6133 | D:6      | Killed a hippogriff
  6393 | D:6      | Found an iron altar of Okawaru.
  6407 | D:6      | Reached skill level 10 in Maces & Flails
  6496 | D:6      | Found Foir's Armour Emporium.
  6931 | D:7      | Reached XP level 9. HP: 59/62 MP: 9/9
  7074 | D:7      | Noticed a hippogriff
  7096 | D:7      | Killed a hippogriff
  7096 | D:7      | Reached skill level 11 in Maces & Flails
  7544 | D:8      | Killed from afar by an orc priest

Skill      XL: |  1  2  3  4  5  6  7  8  9 |
---------------+----------------------------+-----
Maces & Flails | 4 5 6 7 8 10 11 | 11.5
Fighting       | |  2.9
Throwing       | |  2.0
Armour         | |  0.2
Dodging        | |  3.2

Action                   |  1- 3 |  4- 6 |  7- 9 || total
-------------------------+-------+-------+-------++-------
Melee: Flail             |   112 |   343 |   379 ||   834
  Use: Scroll            |       |       |    11 ||    11
 Stab: Distracted        |       |     1 |       ||     1
  Eat: Chunk             |     1 |     9 |    12 ||    22
Armor: Ring mail         |    45 |   140 |   180 ||   365
       Leather armour    |     3 |       |       ||     3
Dodge: Dodged            |    92 |   230 |   252 ||   574
